 Dungeon Crawl Stone Soup version 0.21.0-3-g78d12a8 (webtiles) character file.

37 Dfrag the Firebug (level 3, 0/24 HPs)
             Began as a Demonspawn Fire Elementalist on Jan 10, 2018.
             Slain by Terence
             ... wielding a +0 mace of holy wrath
              (9 damage)
             ... on level 2 of the Dungeon.
             The game lasted 00:01:35 (805 turns).

Dfrag the Firebug (Demonspawn Fire Elementalist)     Turns: 805, Time: 00:01:36

Health: 0/24       AC:  2    Str:  8    XL:     3   Next: 23%
Magic:  2/6        EV: 12    Int: 17    God:
Gold:   47         SH:  0    Dex: 13    Spells: 6/7 levels left

rFire    + . .     SeeInvis .   j - +0 flail
rCold    x . .     Gourm    .   (no shield)
rNeg     . . .     Faith    .   a - +0 robe
rPois    .         Spirit   .   (no helmet)
rElec    .         Reflect  .   (no cloak)
rCorr    .         Harm     .   (no gloves)
MR       .....                  (no boots)
Stlth    ++........             n - amulet of magic regeneration
HPRegen  0.08/turn              m - ring of fire
MPRegen  0.35/turn              (no ring)

@: no status effects
A: powered by death 1
a: no special abilities


You were on level 2 of the Dungeon.
You were not hungry.

You visited 1 branch of the dungeon, and saw 2 of its levels.

You collected 47 gold pieces.

Inventory:

Hand Weapons
 j - a +0 flail (weapon)
Armour
 a - a +0 robe (worn)
Jewellery
 m - a ring of fire (left hand)
 n - an amulet of magic regeneration (around neck)
Scrolls
 d - a scroll of noise {unknown}
 f - a scroll of random uselessness {unknown}
 i - a scroll of remove curse {unknown}
 l - a scroll of identify {unknown}
Potions
 e - 2 potions of degeneration {unknown}
 g - a potion of agility {unknown}
 h - 2 potions of flight {unknown}
Books
 b - a book of Flames

   Spells                             Type                      Level
   a - Flame Tongue                   Conjuration/Fire             1
   b - Throw Flame                    Conjuration/Fire             2
   c - Conjure Flame                  Conjuration/Fire             3
   d - Inner Flame                    Hexes/Fire                   3
   e - Sticky Flame                   Conjuration/Fire             4
   f - Fireball                       Conjuration/Fire             5
Comestibles
 c - 2 rations
 k - 3 chunks of flesh


   Skills:
 - Level 1.7 Dodging
 - Level 1.7 Stealth
 + Level 2.5 Spellcasting
 + Level 2.0 Conjurations
 + Level 3.1 Fire Magic


You had 6 spell levels left.
You knew the following spells:

 Your Spells              Type           Power        Failure   Level  Hunger
a - Flame Tongue          Conj/Fire      ###..        6%          1    #......


Dungeon Overview and Level Annotations

Branches:
Dungeon (2/15)

Altars:

Annotations:
D:2 Terence


Innate Abilities, Weirdness & Mutations

You regenerate a little health from kills.


Message History

You feel a surge of power!
The flame tongue misses Terence.
Terence hits you with a mace of holy wrath.
You convulse.
Casting: Flame Tongue
Confirm with . or Enter, or press ? or * to list all spells.
Aiming: Flame Tongue
Press: ? - help, Shift-Dir - straight line, f/p - Terence
Aim: Terence, wielding a mace of holy wrath and wearing a scale mail (heavily wounded)
You feel a surge of power!
The flame tongue hits Terence.
Terence is severely wounded.
Terence barely misses you.
Casting: Flame Tongue
Confirm with . or Enter, or press ? or * to list all spells.
Aiming: Flame Tongue
Press: ? - help, Shift-Dir - straight line, f/p - Terence
Aim: Terence, wielding a mace of holy wrath and wearing a scale mail (severely wounded)
You feel a surge of power!
The flame tongue hits Terence.
Terence is severely wounded.
Terence hits you with a mace of holy wrath!
You die...

# .## #.### ##
#...# #.#
#...####.
#.##@....%..
###.#@###
#.......#
#.##.##[#
#.#..# .# ###
#.#.###.# #..
#.......#######
###.##
###.######.....
#..... #.#
#.....##.#.##
#.##
#............


You could see Terence.

Vanquished Creatures
  A dart slug (D:1)
  A leopard gecko (D:1)
  A ball python (D:1)
  2 bats
  2 giant cockroaches
  6 goblins
  5 hobgoblins
  4 jackals (D:2)
  A kobold (D:1)
  2 frilled lizards (D:1)
  4 rats
29 creatures vanquished.

Notes
Turn   | Place    | Note
-------+----------+-------------------------------------------
     0 | D:1      | Dfrag the Demonspawn Fire Elementalist began the quest for the Orb.
     0 | D:1      | Reached XP level 1. HP: 13/13 MP: 3/3
    99 | D:1      | Gained mutation: You regenerate a little health from kills. [demonic ancestry]
    99 | D:1      | Reached XP level 2. HP: 13/19 MP: 0/5
   168 | D:1      | Reached skill level 3 in Fire Magic
   619 | D:2      | Reached XP level 3. HP: 5/24 MP: 0/6
   799 | D:2      | Noticed Terence
   805 | D:2      | Slain by Terence

Skill      XL: |  1  2  3 |
---------------+----------+-----
Fire Magic     | 3 |  3.1
Conjurations   | 2 |  2.0
Dodging        | |  1.7
Stealth        | |  1.7
Spellcasting   | |  2.5

Action                   || total
-------------------------++-------
Melee: Unarmed           ||    34
       Flail             ||    16
 Cast: Flame Tongue      ||    36
 Stab: Sleeping          ||     1
Armor: Robe              ||     8
Dodge: Dodged            ||    54
